wizbiz, chaotic female elven Wizard ----- ----- |...+@###....| -<..|f # |.>.| #-.---# ##....| ######### |...| # # ----- ### # # # # # # ------- # +.....| ## # |......###########----.---- |.....| # |.......| |......###########........| |.....| |.......| ------- --------- wizbiz the Conjurer Experience level: 4 Strength: 11 Dexterity: 16 Constitution: 14 Intelligence: 17 Wisdom: 16 Charisma: 9 Health: 23(30) Energy: 42(42) Def: 5 Gold: 500 Moves: 1951 Dungeon seed: CJ3em7PLkGjhmuRs Game ID: wizbiz_1532378976 Your Inventory: Coins $ - 500 gold pieces Weapons a - a blessed +1 quarterstaff (weapon in hands) s - 6 +0 shuriken u - a +0 long sword x - a +0 sling B - a blessed +0 orcish dagger E - 5 +0 darts Armor e - an uncursed +0 cloak of magic resistance (being worn) y - an uncursed +0 studded leather armor (being worn) z - an uncursed +0 orcish helm (being worn) Scrolls i - an uncursed scroll of stinking cloud j - an uncursed scroll of charging k - an uncursed scroll of enchant weapon v - an uncursed scroll of remove curse w - an uncursed scroll of scare monster Spellbooks l - a blessed spellbook of force bolt m - an uncursed spellbook of protection Potions f - 2 blessed potions of healing g - an uncursed potion of speed h - a blessed potion of paralysis o - an uncursed potion of healing A - 2 uncursed potions of oil D - an uncursed potion of gain ability Rings c - an uncursed +1 ring of gain strength (on left hand) d - an uncursed ring of see invisible C - an uncursed ring of slow digestion Wands b - a wand of teleportation (0:7) Tools n - an uncursed wooden harp p - an uncursed tin opener Gems q - 2 uncursed worthless pieces of orange glass r - 2 uncursed worthless pieces of yellowish brown glass Spells and supernatural/magical abilities: Name Level Category Fail Memory a - force bolt 1 attack 0% 91% p - protection 1 clerical 0% 91% W - pray for help -- divine ? -- Your skills at the end: Fighting Skills Weapon Skills quarterstaff [Basic] Spellcasting Skills attack spells [Basic] enchantment spells [Basic] Final Attributes: You were piously aligned. You were sleep resistant. You were magic-protected. You had infravision. You survived. Vanquished creatures: a gnome lord 2 orc zombies a wererat a hobbit a large kobold 2 hobgoblins 4 giant rats a green mold 5 jackals 3 foxes a kobold 2 sewer rats 9 grid bugs 3 lichens 2 newts 38 creatures vanquished. Voluntary challenges: You were an atheist. You used a wielded weapon 33 times, starting on turn 27. You were illiterate. You never genocided any monsters. You never polymorphed an object. You never changed form. You used no wishes. You never split a pudding. You never wrote Elbereth's name. You never violated your personal moral code. Dungeon overview: The Dungeons of Doom: levels 1 to 6 Level 1 some fountains a long staircase Level 2 a fountain stairs to The Gnomish Mines Level 3 a potion shop, a fountain Level 4 a fountain Level 5 <- You were here Level 6 The Gnomish Mines: Level 3 stairs to The Dungeons of Doom History has recorded: On T:1 you entered the Dungeons of Doom to retrieve the Amulet of Yendor! On T:303 you reached level 2 of The Dungeons of Doom. On T:342 you reached level 3 of The Dungeons of Doom. On T:391 you advanced to experience level 2. On T:504 you reached level 1 of The Gnomish Mines. On T:730 you advanced to experience level 3. On T:1208 you reached level 4 of The Dungeons of Doom. On T:1433 you advanced to experience level 4. On T:1719 you reached level 5 of The Dungeons of Doom. On T:1941 you reached level 6 of The Dungeons of Doom. Score breakdown: Gold: 500 ( 9183 points) Experience: 4 levels ( 9649 points) Exploration: 6 levels ( 12.50%) ( 9784 points) Discoveries: 0 items ( 0.00%) ( 0 points) Valuables value: (no points given unless you survive) Artifact value: 0 ( 0 points) Variety of kills: 15 monsters ( 3.94%) ( 5952 points) Turncount: 1951 turns ( 0 points) Survival: quit (score multiplied by 90%) Total score: 31111 Latest messages: You are splashed by its acid! You have a little trouble lifting D - a bubbly potion. Your movements are slowed slightly because of your load. You stop. Your kitten is in the way! You displace your kitten. You finish searching. (2x) You hear a gurgling noise. You finish searching. You displace your kitten. You stop. Your kitten is in the way! You stop exploring. You kill the grid bug! You have a little trouble lifting $ - 29 gold pieces. You displace your kitten. You stop exploring. The gnome lord hits! You hit the gnome lord! The gnome lord hits! You kill the gnome lord! You have a little trouble lifting E - 5 darts. There is a doorway here. You see here a gnome lord corpse. The kitten eats a gnome lord corpse. You fall down the stairs. This door is locked. That door is closed. Final status: Goodbye wizbiz the Wizard, quit... You quit in The Dungeons of Doom on dungeon level 5 with 31111 points, and 500 pieces of gold, after 1951 moves. You were level 4 with a maximum of 30 hit points when you quit.